 Dungeon Crawl Stone Soup version 0.28-a0-1199-gef9e1dbd39 (webtiles) character file.

Game seed: 11413471786514038376

201 Essalna the Magician (level 6, -2/46 HPs)
             Began as a Djinni Earth Elementalist on Dec 19, 2021.
             Slain by a gnoll (5 damage)
             ... on level 3 of the Dungeon.
             The game lasted 00:06:53 (3898 turns).

Essalna the Magician (Djinni Earth Elementalist)    Turns: 3898, Time: 00:06:54

Health: -2/46      AC:  4    Str:  7    XL:     6   Next: 7%
Gold:   52         EV: 12    Int: 19    God:
                   SH:  0    Dex: 13

rFire   + + .      SeeInvis .   m - +1 dagger (venom)
rCold   x . .      Faith    .   (no shield)
rNeg    . . .      Spirit   .   b - +0 robe
rPois   ∞          Reflect  .   l - +0 helmet
rElec   .          Harm     .   k - +0 cloak
rCorr   .          Rampage  .   (no gloves)
Will    .....                   (boots unavailable)
Stlth   ++........              (no amulet)
HPRegen 0.15/turn               (no ring)
MPRegen 0.00/turn               (no ring)

@: about to teleport, flying
A: sickness immunity, fire resistance 2, cold vulnerability 1, float, innate
caster, hp casting, extra vitality 1
a: no special abilities


You were on level 3 of the Dungeon.
You visited 1 branch of the dungeon, and saw 4 of its levels.

You collected 52 gold pieces.

Inventory:

Hand Weapons
 m - a +1 dagger of venom (weapon)
Missiles
 c - 9 stones
 e - 8 poisoned darts
Armour
 b - a +0 robe (worn)
 k - a +0 cloak (worn)
 l - a +0 helmet (worn)
Jewellery
 q - a ring of positive energy
Scrolls
 i - a scroll of immolation
 p - 2 scrolls of identify {unknown}
Potions
 a - 2 potions of heal wounds {unknown}
 d - a potion of curing {unknown}
 h - a potion of attraction {unknown}
 n - a potion of lignification {unknown}
 o - a potion of flight {unknown}


   Skills:
 + Level 3.6 Fighting
 - Level 2.1 Dodging
 - Level 1.5 Stealth
 + Level 3.8 Spellcasting


You couldn't memorise any spells.
You knew the following spells:

 Your Spells              Type           Power      Damage    Failure   Level
a - Sandblast             Erth           36%        2d10      3%          1
b - Passwall              Tmut/Erth      15%        N/A       4%          2
c - Stone Arrow           Conj/Erth      36%        3d9       9%          3
d - Petrify               Tmut/Erth      18%        N/A       28%         4
e - Freeze                Ice            72%        1d9       3%          1
f - Scorch                Fire           36%        2d6       4%          2
Your spell library was empty.

Dungeon Overview and Level Annotations

Branches:
Dungeon (4/15)
 Temple: D:4-7

Altars:

Shops:
D:3 *


Innate Abilities, Weirdness & Mutations

You are immune to sickness and miasma.
You are immune to poison.
Your flesh is very heat resistant. (rF++)
You are vulnerable to cold. (rC-)
You float through the air rather than walking.
You learn spells naturally, not from books.
Your magical power is your life essence.
You have superior vitality. (+4 HP)


Message History

The blast of sand hits the gnoll.
The gnoll is moderately wounded.
c - 9 stones
* * * LOW HITPOINT WARNING * * *
The orc wizard hits you but does no damage.
The gnoll hits you but does no damage.
As you read the scroll labelled ZOUKHL KIUGH, it crumbles to dust.
It is a scroll of enchant weapon.
Your +0 dagger of venom glows red for a moment.
The orc wizard barely misses you.
The gnoll hits you from afar with a +0 spear!
* * * LOW HITPOINT WARNING * * *
As you read the scroll labelled PEKUKO ZIDOF, it crumbles to dust.
A profound silence engulfs you.
It was a scroll of silence.
The orc wizard closely misses you. The gnoll closely misses you.
There are no items here.
The orc wizard hits you with a +0 dagger.
* * * LOW HITPOINT WARNING * * *
The gnoll barely misses you.
You see here a +0 dagger.
The orc wizard points at you and mumbles some strange words.
You resist with some effort. The orc wizard casts a spell at you.
The magic dart hits you.
* * * LOW HITPOINT WARNING * * *
The orc wizard gestures wildly while chanting.
The orc wizard flickers and vanishes!
Deactivating autopickup; reactivate with Ctrl-A.
Your hearing returns.
As you read the scroll labelled REOBIVU PUEHI, it crumbles to dust.
The creatures around you are filled with an inner flame!
It was a scroll of immolation.
As you read the scroll labelled LONAGE SEXZETS, it crumbles to dust.
You feel strangely unstable.
It was a scroll of teleportation.
You hear some strange, mumbled words.
A puff of flame appears from out of thin air!
The puff of flame hits you. You resist.
* * * LOW HITPOINT WARNING * * *
The gnoll hits you from afar with a +0 spear.
You die...

#.# #.# #.# #.# #o# #.#
#.# #.# #.# #.# #o# ##.##
#####g#######...#
#.....{.......#.#
####.###..@.####...# ###
#......#+#.....#.∩.#
##8####.##........#......#
...:.##.##.)......#.#..#.#
........##........#.#.#..#
#######.##........#.#.#.##
#######)##....(...#.....#
......).##........#.....#
##########.#'#'##.#.##..#


You could see a gnoll (inner flame) and an orc (inner flame).

Vanquished Creatures
  An orc priest (D:3)
  An orc wizard (D:3)
  2 adders (D:2)
  6 gnolls
  A dart slug (D:3)
  8 orcs (D:3)
  8 endoplasms
  2 giant cockroaches (D:3)
  2 goblins (D:3)
  8 hobgoblins
  5 kobolds (D:2)
  2 quokkas
  3 ball pythons
  8 bats
  A frilled lizard (D:1)
  3 rats
61 creatures vanquished.

Notes
Turn   | Place    | Note
-------+----------+-------------------------------------------
     0 | D:1      | Essalna the Djinni Earth Elementalist began the quest for
                  | the Orb.
     0 | D:1      | Reached XP level 1. HP: 15/15 MP: 0/0
   235 | D:1      | Reached XP level 2. HP: 21/22 MP: 0/0
   263 | D:1      | Reached skill level 1 in Fighting
  1317 | D:2      | Reached XP level 3. HP: 21/28 MP: 0/0
  1317 | D:2      | Learned a level 1 spell: Freeze
  1985 | D:2      | Reached XP level 4. HP: 28/33 MP: 0/0
  2426 | D:2      | You are sucked into a shaft and drop 2 floors!
  2636 | D:3      | Reached XP level 5. HP: 11/40 MP: 0/0
  2636 | D:3      | Learned a level 2 spell: Scorch
  3116 | D:3      | Found Jirchieko's General Store.
  3498 | D:3      | Reached XP level 6. HP: 7/46 MP: 0/0
  3898 | D:3      | Slain by a gnoll

Illustrated notes

Levels and vault maps discovered:
D:1:      dpeg_arrival_three_smaller_balls, layout_basic,
          chequers_serial_rivers_room_b
D:2:      minmay_chambers_of_ones, layout_basic,
          hellmonk_ecumenical_altar_pennies_from_heaven
D:3:      layout_basic, serial_shops, nicolae_shop_stone,
          chequers_hall_statues_wall_a
D:4:      layout_gridville, serial_shops, nicolae_shop_statue_plus,
          chequers_serial_rivers_marsh, nicolae_figureground_sparkle

Skill      XL: |  1  2  3  4 |
---------------+-------------+-----
Fighting       | 1 2 3 |  3.6
Spellcasting   | 3 |  3.8
Dodging        | |  2.1
Stealth        | |  1.5

Action                   |  1- 3 |  4- 6 || total
-------------------------+-------+-------++-------
Melee: Unarmed           |    14 |       ||    14
       Dagger            |       |     1 ||     1
Throw: Dart              |    42 |       ||    42
       Stone             |     9 |       ||     9
 Cast: Sandblast         |    18 |    42 ||    60
       Freeze            |    18 |    11 ||    29
       Scorch            |       |    18 ||    18
  Use: Scroll            |       |     4 ||     4
Armor: Robe              |     9 |     8 ||    17
Dodge: Dodged            |    33 |    27 ||    60

Table legend: (Time is in decaauts)
 A = Elapsed time spent in this place.
 B = Non-inter-level travel time spent in this place.
 C = Inter-level travel time spent in this place.
 D = Time resting spent in this place.
 E = Time spent auto-exploring this place.
 F = Levels seen in this place.
 G = Mean time per level.
                   A        B        C        D        E       F      G
               +--------+--------+--------+--------+--------+-----+--------+
         Total |   3897 |   3863 |     34 |      0 |   3342 |   4 |  974.2 |
       Dungeon |   3897 |   3863 |     34 |      0 |   3342 |   4 |  974.2 |
               +--------+--------+--------+--------+--------+-----+--------+

Top non-repeatable levels by time:
     D:3: 1413 daAuts
     D:1: 1297 daAuts
     D:2: 1129 daAuts
     D:4: 57 daAuts
